 Dungeon Crawl Stone Soup version 0.30.0-20-g3615ddf2f0 (webtiles) character file.

Game seed: 4436873013052061486

137 qw the Chopper (level 5, -14/32 HPs)
             Began as a Gargoyle Fighter on May 29, 2023.
             Demolished by an ogre
             ... wielding a +0 giant spiked club
              (30 damage)
             ... on level 4 of the Dungeon.
             The game lasted 00:01:24 (3014 turns).

qw the Chopper (Gargoyle Fighter)                   Turns: 3014, Time: 00:01:24

Health: -14/32     AC: 14    Str: 21    XL:     5   Next: 20%
Magic:  5/5        EV:  6    Int:  9    God:
Gold:   217        SH: 12    Dex:  9    Spells: 4/4 levels left

rFire   . . .        Y - +0 war axe
rCold   . . .        k - +0 kite shield
rNeg    + . .        a - +0 chain mail
rPois   inf          (no helmet)
rElec   +            n - +0 cloak
rCorr   .            (no gloves)
SInv    .            (no boots)
Will    .....        g - amulet of reflection Stlth
                     (no ring)
HPRegen 0.25/turn    (no ring)
MPRegen 0.09/turn

%: reflection
@: no status effects
A: sickness immunity, AC +4, negative energy resistance 1, electricity
resistance, torment resistance 1, petrification resistance
a: no special abilities


You were on level 4 of the Dungeon.
You visited 1 branch of the dungeon, and saw 4 of its levels.

You collected 217 gold pieces.


Innate Abilities, Weirdness & Mutations

You are immune to sickness and miasma.
Your stone body is resilient. (AC +4)
You are immune to poison.
You resist negative energy. (rN+)
You are resistant to electric shocks. (rElec)
You are resistant to unholy torment.
You are immune to petrification.


   Skills:
 - Level 3.2 Fighting
 - Level 4.7 Axes
 - Level 3.2 Armour
 + Level 3.3 Shields


You had 4 spell levels left.
You didn't know any spells.
Your spell library was empty.

Inventory:

Hand Weapons
 e - a +0 whip
 Y - a +0 war axe (weapon)
Armour
 a - a +0 chain mail (worn)
 k - a +0 kite shield (worn)
 n - a +0 cloak (worn)
Jewellery
 g - an amulet of reflection (around neck)
Wands
 m - a wand of digging (3)
Scrolls
 f - a scroll of identify
 j - 4 scrolls of teleportation
Potions
 d - a potion of might
 h - a potion of brilliance {unknown}
 i - 2 potions of degeneration {unknown}
 l - a potion of heal wounds {unknown}
 o - a potion of curing {unknown}
 p - a potion of invisibility {unknown}
 q - a potion of attraction {unknown}

Dungeon Overview and Level Annotations

Branches:
Dungeon (4/15)
 Temple: D:4-7

Altars:
Ashenzari
Elyvilon
Gozag
Qazlal
Ru
Trog


Message History

Where to? (* - list waypoints, Enter - D:3, ? - help)
What level of the Dungeon? (default 1, ? - help)
There is a stone staircase leading down here.
You climb downwards.
You hear the sound of rushing water.
There is an entrance to a sewer on this level.
Hurry and find it before the portal rusts away!
Found a stone staircase leading down.
There is a stone staircase leading up here.
Waypoint 3 assigned to D:4.
2938 ||| PLANNING SEWER
There is a stone staircase leading down here.
You now have 217 gold pieces (gained 5).
A hobgoblin comes into view.
Found a murky clear potion.
Enter note:
Enter note: You hit the hobgoblin.
You kill the hobgoblin!
i - 2 murky clear potions (gained 1)
You hear the slow rusting of a very distant drain.
Found a sacrificial altar of Ru.
Enter note: An ogre comes into view. It is wielding a +0 giant spiked club.
The ogre shouts!
Enter note: You hit the ogre.
The ogre is lightly wounded.
The ogre hits you but does no damage.
You barely miss the ogre.
The ogre is lightly wounded.
The ogre hits you with a +0 giant spiked club!
Ouch! That really hurt!
You slash the ogre!
The ogre is heavily wounded.
You block the ogre's attack.
You slash the ogre!
The ogre is severely wounded.
The ogre hits you with a +0 giant spiked club!!
Ouch! That really hurt!
You die...

#...............#
##......#.......###
##....#.#........#
#....#...#......##
....#.....#....##
#...#.~~~.#....# .
##.#~...~#....# ...
###.#~._.~#.####
....#O@.#~...~#.#
#...#.#.~~~.#.#
....##...#.....#.#
... ####.#...#.## #
##.#.#.## ##.#.##
##.## ###


You could see an ogre.

Vanquished Creatures
  5 adders
  6 worms
  A dart slug (D:1)
  4 ball pythons
  5 endoplasms
  3 giant cockroaches
  8 hobgoblins
  2 jackals (D:1)
  10 kobolds
  4 quokkas
  8 bats
  A frilled lizard (D:2)
  7 goblins
  A rat (D:1)
65 creatures vanquished.

Notes
Turn   | Place    | Note
-------+----------+-------------------------------------------
     0 | D:1      | qw the Gargoyle Fighter began the quest for the Orb.
     0 | D:1      | Reached XP level 1. HP: 14/14 MP: 1/1
     0 | D:1      | 0 ||| qw: Version: 0.2-a-102-g2b76a06
     0 | D:1      | 0 ||| qw: Game counter: 415
     0 | D:1      | 0 ||| qw: Always use a shield: true
     0 | D:1      | 0 ||| qw: God list: Okawaru
     0 | D:1      | 0 ||| qw: Allow faded altars: false
     0 | D:1      | 0 ||| qw: Do Orc after D:15 true
     0 | D:1      | 0 ||| qw: Do second Lair branch before Depths: true
     0 | D:1      | 0 ||| qw: Lair rune preference: random
     0 | D:1      | 0 ||| qw: Plans: Normal, Zot:1-4, Slime:5, God:TSO, Crypt,
                  | Tomb, Pan, Hells, Abyss, Win
     0 | D:1      | 0 ||| PLANNING D:1-11
    98 | D:1      | Reached skill level 2 in Axes
   210 | D:1      | Reached XP level 2. HP: 19/19 MP: 2/2
   252 | D:1      | Found a faded altar of an unknown god.
   461 | D:1      | 461 ||| Stepping ~*~*~tactically~*~*~ (stealth).
   530 | D:1      | Reached skill level 3 in Axes
   614 | D:1      | Reached XP level 3. HP: 19/23 MP: 3/3
   677 | D:1      | 677 ||| Stepping ~*~*~tactically~*~*~ (hiding).
  1202 | D:1      | 1202 ||| UPGRADING to amulet of reflection.
  1207 | D:1      | 1207 ||| READING scroll labelled PUCLAT LASM.
  1208 | D:1      | 1208 ||| READING scroll labelled IGRAHIBRIXT.
  1209 | D:1      | 1209 ||| READING scroll labelled QOEFONT FOEDI.
  1410 | D:2      | Reached XP level 4. HP: 28/28 MP: 4/4
  1444 | D:2      | Reached skill level 4 in Axes
  1562 | D:2      | Identified the +7 dagger "Opiebano" {freeze, Str+3}
  1832 | D:2      | 1832 ||| Stepping ~*~*~tactically~*~*~ (stealth).
  2005 | D:2      | 2005 ||| UPGRADING to +0 cloak.
  2010 | D:2      | 2010 ||| READING scroll labelled SUKUDDURGHA.
  2111 | D:2      | 2111 ||| READING scroll labelled GAIREOBBOF.
  2112 | D:2      | 2112 ||| READING scroll labelled TAENWA BUEN.
  2315 | D:3      | 2315 ||| Stepping ~*~*~tactically~*~*~ (stealth).
  2322 | D:3      | Reached XP level 5. HP: 24/32 MP: 5/5
  2563 | D:3      | Found a broken altar of Ashenzari.
  2563 | D:3      | Found an opulent altar of Gozag.
  2571 | D:3      | Found a faded altar of an unknown god.
  2573 | D:3      | Found a white marble altar of Elyvilon.
  2575 | D:3      | Found a bloodstained altar of Trog.
  2620 | D:3      | Found a stormy altar of Qazlal.
  2656 | D:3      | 2656 ||| Stepping ~*~*~tactically~*~*~ (hiding).
  2912 | D:3      | 2912 ||| UPGRADING to +0 chain mail.
  2922 | D:3      | 2922 ||| DROPPING +0 scale mail.
  2923 | D:3      | 2923 ||| UPGRADING to +0 kite shield.
  2933 | D:3      | 2933 ||| DROPPING +0 buckler.
  2938 | D:4      | 2938 ||| PLANNING SEWER
  2990 | D:4      | Found a sacrificial altar of Ru.
  3007 | D:4      | Noticed an ogre
  3014 | D:4      | Demolished by an ogre

Levels and vault maps discovered:
D:1:      dpeg_arrival_rhombi, layout_basic, ebering_ecumenical_altar_abandoned
D:2:      layout_basic
D:3:      layout_loops_cross, nicolae_qazlal_eye_of_the_storm,
          chequers_temple_overflow_minitemple
D:4:      layout_cave_pools, nicolae_ru_awakened_eye,
          mainiacjoe_overflow_24_doors, minmay_temple_entry_poolview,
          gup_sewer_entry_spiral, patterned_corridor

Skill      XL: |  1  2  3  4 |
---------------+-------------+-----
Axes           | 2 3 4 |  4.7
Fighting       | |  3.2
Armour         | |  3.2
Shields        | |  3.3

Action                     |  1- 3 |  4- 6 || total
---------------------------+-------+-------++-------
  Melee: War axe           |   116 |   113 ||   229
    Use: Scroll            |     3 |     3 ||     6
 Armour: Scale mail        |    48 |    32 ||    80
         Chain mail        |       |     1 ||     1
  Dodge: Dodged            |    46 |    26 ||    72
  Block: Buckler           |    23 |    37 ||    60
         Kite shield       |       |     1 ||     1
         Reflection        |       |     1 ||     1

Table legend:
 A = Non-vault XP
 B = Vault XP
 C = Vault XP percentage of total XP
 D = Non-vault monster count
 E = Vault monster count
 F = Vault count percentage of total count
                 A         B        C        D         E       F
            +---------+---------+-------+---------+---------+-------
      Total |     196 |       0 |   0.0 |      65 |       0 |   0.0
            +---------+---------+-------+---------+---------+-------
        D:1 |      54 |       0 |   0.0 |      29 |       0 |   0.0
        D:2 |      99 |       0 |   0.0 |      21 |       0 |   0.0
        D:3 |      41 |       0 |   0.0 |      14 |       0 |   0.0
        D:4 |       2 |       0 |   0.0 |       1 |       0 |   0.0
            +---------+---------+-------+---------+---------+-------
